 Dungeon Crawl Stone Soup version 0.20-a0-502-g555d78b (webtiles) character file.

2562 MirrMurr the Spear-Bearer (level 9, -8/81 HPs)
             Began as a Tengu Berserker on Jan 20, 2017.
             Was a High Priest of Trog.
             Mangled by a troll (12 damage)
             ... on level 7 of the Dungeon.
             The game lasted 00:14:25 (6365 turns).

MirrMurr the Spear-Bearer (Tengu Berserker)         Turns: 6365, Time: 00:14:25

Health: -8/81      AC: 11    Str: 25    XL:     9   Next: 56%
Magic:  10/10      EV: 12    Int:  7    God:    Trog [*****.]
Gold:   264        SH:  0    Dex: 19    Spells: 8/8 levels left

rFire    . . .     SeeInvis .   a - +2 spear (pierce)
rCold    . . .     Gourm    .   t - +1 chain mail
rNeg     . . .     Faith    +   (no shield)
rPois    .         Spirit   .   (helmet restricted)
rElec    .         Reflect  .   (no cloak)
rCorr    .         Harm     .   (no gloves)
MR       +....                  (boots unavailable)
Stlth    ..........             o - amulet of faith
Regen    0.3/turn               d - ring of protection from magic
                                C - +4 ring of dexterity

@: berserking, very quick
A: beak, talons 3, able to fly 1
a: Fly, Berserk, Trog's Hand, Brothers in Arms, Burn Spellbooks, Renounce
Religion


You were on level 7 of the Dungeon.
You worshipped Trog.
Trog was extremely pleased with you.
You were hungry.

You visited 1 branch of the dungeon, and saw 7 of its levels.

You collected 264 gold pieces.

Inventory:

Hand Weapons
 a - a +2 spear of piercing (weapon)
Missiles
 b - a throwing net
 f - 184 stones
 h - 38 poisoned needles
 n - 2 javelins (quivered)
 p - 6 poisoned javelins
Armour
 t - a +1 chain mail (worn)
Jewellery
 d - a ring of protection from magic (right hand)
 g - an uncursed amulet of the gourmand {unknown}
 o - an amulet of faith (around neck)
 C - a +4 ring of dexterity (left hand)
Wands
 l - a wand of flame (36/48)
 s - a wand of flame (30/48)
 v - a wand of disintegration (11/24)
 z - a wand of iceblast (11/15)
 D - a wand of flame (34/48)
Scrolls
 y - 2 scrolls of teleportation
Potions
 e - 2 potions of brilliance
 i - 3 potions of agility
 j - 2 potions of curing
 k - 2 potions of heal wounds
 q - a potion of flight
 r - a potion of haste
 B - a potion of mutation {unknown}
 F - a potion of cure mutation {unknown}
Comestibles
 c - 4 bread rations
 x - 3 meat rations
 E - 3 chunks of flesh
 G - 3 fruits


   Skills:
 + Level 5.3 Fighting
 * Level 10.9 Polearms
 + Level 5.5 Armour
 * Level 5.8 Dodging
 + Level 1.2 Stealth


You had 8 spell levels left.
You didn't know any spells.

Dungeon Overview and Level Annotations

Branches:
Dungeon (7/15)             Temple (0/1) D:7

Altars:
Ashenzari
Dithmenos
Elyvilon
Fedhas
Gozag
Makhleb
Nemelex Xobeh
Okawaru
Vehumet


Innate Abilities, Weirdness & Mutations

You have a beak for a mouth.
You have claws for feet.
You can fly.


Message History

The troll bites you.
* * * LOW HITPOINT WARNING * * *
The troll closely misses you. The troll claws you.
* * * LOW HITPOINT WARNING * * *
A red film seems to cover your vision as you go berserk!
You feel yourself moving faster!
You feel mighty!
You are feeling hungry.
The troll bites you!
* * * LOW HITPOINT WARNING * * *
The troll claws you but does no damage. The troll completely misses you.
You are too berserk!
You are too berserk!
You closely miss the troll. Your peck misses the troll.
The troll is moderately wounded.
You barely miss the troll. Your kick misses the troll.
The troll is moderately wounded.
You hit the troll. You claw the troll, but do no damage. You peck the troll!
The troll is severely wounded.
The troll bites you!
You die...

#.########.#.##>...
#.# #.#.###### #.#
#.#..).... #.#
#.######## #.# #.#
#.# #.# #.# #.#
#T########.#
#.@........#
#.########## ###


You could see a troll.

Vanquished Creatures
  Pikel (D:6)
  Grinder (D:5)
  Sigmund (D:5)
  A water moccasin (D:6)
  A slave (D:6)
  2 phantoms (D:5)
  A sky beast (D:6)
  An ogre (D:7)
  3 bullfrogs (D:6)
  The ghost of Vesto the Conjurer, a weakling OpCj (D:3)
  The ghost of Vesto the Conjurer, a weakling OpCj (D:5)
  2 crimson imps
  2 hounds
  A bullfrog skeleton (D:6)
  2 orc priests
  A centaur skeleton (D:7)
  Jessica (D:2)
  2 iguanas
  Terence (D:2)
  11 orc wizards
  3 worker ants
  A hound zombie (D:5)
  A hound skeleton (D:7)
  8 adders
  6 gnolls
  A shadow imp (D:6)
  An ooze (D:4)
  2 adder skeletons
  3 worms
  6 leopard geckos
  18 orcs
  4 giant cockroaches
  6 goblins
  7 hobgoblins
  13 jackals
  8 kobolds
  7 quokkas
  3 ball pythons (D:3)
  10 bats
  7 frilled lizards
  A leopard gecko skeleton (D:4)
  A quokka zombie (D:5)
  5 rats
159 creatures vanquished.

Vanquished Creatures (others)
  An adder (D:6)
  An orc (D:6)
2 creatures vanquished.

Grand Total: 161 creatures vanquished

Notes
Turn   | Place    | Note
-------+----------+-------------------------------------------
     0 | D:1      | MirrMurr the Tengu Berserker began the quest for the Orb.
     0 | D:1      | Reached XP level 1. HP: 14/14 MP: 2/2
   227 | D:1      | Reached XP level 2. HP: 18/19 MP: 3/3
   636 | D:2      | Found a faded altar of an unknown god.
   669 | D:2      | Found a radiant altar of Vehumet.
   669 | D:2      | Found a burning altar of Makhleb.
   802 | D:2      | Reached skill level 4 in Polearms
   806 | D:2      | Reached XP level 3. HP: 21/23 MP: 4/4
  1248 | D:2      | Noticed Jessica
  1263 | D:2      | Killed Jessica
  1263 | D:2      | Reached XP level 4. HP: 14/28 MP: 5/5
  1312 | D:2      | Noticed Terence
  1495 | D:2      | Killed Terence
  1495 | D:2      | Reached ** piety under Trog
  1772 | D:3      | Reached skill level 5 in Polearms
  1785 | D:3      | Noticed Vesto's ghost (weakling OpCj)
  1997 | D:3      | Gained mutation: You can fly. [Tengu growth]
  1997 | D:3      | Reached XP level 5. HP: 30/32 MP: 6/6
  2173 | D:3      | Killed Vesto's ghost
  2474 | D:4      | Noticed a phantom
  2975 | D:4      | Reached XP level 6. HP: 22/38 MP: 7/7
  3223 | D:4      | Reached skill level 6 in Polearms
  3232 | D:4      | Found a sparkling altar of Nemelex Xobeh.
  3391 | D:4      | Reached *** piety under Trog
  3650 | D:5      | Entered Level 5 of the Dungeon
  3746 | D:5      | Reached XP level 7. HP: 29/43 MP: 8/8
  3764 | D:5      | Noticed Sigmund
  3769 | D:5      | Noticed Grinder
  3773 | D:5      | Killed Sigmund
  3773 | D:5      | Reached skill level 1 in Stealth
  3779 | D:5      | Killed Grinder
  3779 | D:5      | Reached skill level 7 in Polearms
  3805 | D:5      | Found a shadowy altar of Dithmenos.
  3922 | D:5      | Found an opulent altar of Gozag.
  3922 | D:5      | Found a white marble altar of Elyvilon.
  3923 | D:5      | Found a blossoming altar of Fedhas.
  4223 | D:5      | Noticed Vesto's ghost (weakling OpCj)
  4229 | D:5      | Killed Vesto's ghost
  4229 | D:5      | Reached XP level 8. HP: 40/48 MP: 9/9
  4391 | D:5      | Reached skill level 8 in Polearms
  4705 | D:6      | Reached **** piety under Trog
  4806 | D:6      | Reached skill level 9 in Polearms
  4806 | D:6      | Reached skill level 5 in Dodging
  4829 | D:6      | Noticed Pikel
  4856 | D:6      | Killed Pikel
  4856 | D:6      | Reached skill level 5 in Fighting
  4856 | D:6      | Reached skill level 5 in Armour
  4856 | D:6      | Reached XP level 9. HP: 54/54 MP: 10/10
  4882 | D:6      | Reached skill level 10 in Polearms
  4958 | D:6      | Received a gift from Trog
  5442 | D:6      | Found an iron altar of Okawaru.
  5598 | D:7      | Found a staircase to the Ecumenical Temple.
  5926 | D:7      | Reached ***** piety under Trog
  6270 | D:7      | Found a shattered altar of Ashenzari.
  6352 | D:7      | Noticed a troll
  6362 | D:7      | HP: 3/81 [troll (13)]
  6365 | D:7      | Mangled by a troll

Vault maps used:
D:1:      minmay_arrival_loop
D:2:      minmay_wonky_spiral, chequers_temple_overflow_statue_of_worship,
          chequers_ecumenical_altar_simple, uniq_jessica, uniq_terence
D:3:      first_bread, feat_on_display
D:4:      kennysheep_little_box
D:5:      nicolae_dithmenos_the_darkroom, minitemple, uniq_sigmund, uniq_grinder
D:6:      okawaru_gym_becter, uniq_pikel
D:7:      lemuel_coloured_pillars_altar, uniq_menkaure

Skill      XL: |  1  2  3  4  5  6  7  8  9 |
---------------+----------------------------+-----
Polearms       | 4 5 6 7 9 10 | 10.9
Dodging        | 3 4 5 |  5.8
Armour         | 3 4 5 |  5.5
Fighting       | 4 5 |  5.3
Stealth        | 1 |  1.2

Action                   |  1- 3 |  4- 6 |  7- 9 || total
-------------------------+-------+-------+-------++-------
Melee: Spear             |   112 |   243 |   373 ||   728
       Kick              |    14 |    58 |   100 ||   172
       Peck              |    11 |    39 |    61 ||   111
Invok: Berserk           |     1 |     3 |     3 ||     7
       Burn Spellbooks   |       |     1 |       ||     1
  Use: Scroll            |     2 |     1 |    13 ||    16
 Stab: Sleeping          |     1 |       |       ||     1
  Eat: Chunk             |     2 |    10 |     6 ||    18
       Beef jerky        |       |     1 |       ||     1
       Bread ration      |       |       |     1 ||     1
Armor: Animal skin       |     8 |       |       ||     8
       Ring mail         |    19 |     5 |       ||    24
       Chain mail        |       |    98 |    90 ||   188
Dodge: Dodged            |    42 |    87 |    96 ||   225
